Map: Terrasses de Prion

Players

Tees

  • Race: Protoss Protoss
  • League: Diamond

Worming - Winner!

  • Race: Zerg Zerg
  • League: Diamond

VOD

Have the link to the VOD?

Description

Time

  • Played on: Nov. 29, 2015, 5:31 a.m.
  • Length: 7:44
Show
View Real Time Build Order
Export as new Build Order

Tees Protoss 

Build Orders:  

Get SALT Encoding   

  12  0:00  Probe (Chrono Boost)  
  13  0:11  Probe (Chrono Boost)  
  14  0:18  Pylon  
  14  0:22  Probe (Chrono Boost)  
  15  0:36  Probe (Chrono Boost)  
  15  0:38  Gateway  
  16  0:43  Assimilator  
  16  0:47  Probe (Chrono Boost)  
  17  0:57  Probe (Chrono Boost)  
  18  1:08  Probe (Chrono Boost)  
  19  1:16  Pylon  
  20  1:18  Probe (Chrono Boost)  
  20  1:26  Cybernetics Core  
  20  1:30  Probe (Chrono Boost)  
  21  1:41  Probe (Chrono Boost)  
  22  1:52  Nexus  
  22  2:04  Mothership Core (Chrono Boost)  
  24  2:09  Adept  
  24  2:15  Warp Gate  
  26  2:17  Assimilator  
  26  2:22  Probe (Chrono Boost)  
  27  2:30  Pylon  
  27  2:39  Probe (Chrono Boost)  
  28  2:50  Robotics Facility  
  28  2:52  Probe (Chrono Boost)  
  29  2:59  Pylon  
  29  3:05  Probe x2 (Chrono Boost)  
  31  3:08  Adept  
  33  3:17  Probe (Chrono Boost)  
  33  3:18  Probe (Chrono Boost)  
  35  3:22  Gateway  
  35  3:28  Probe x2 (Chrono Boost)  
  37  3:36  Warp Prism  
  39  3:42  Pylon  
  39  3:45  Probe (Chrono Boost)  
  40  3:53  Probe (Chrono Boost)  
  41  3:58  Gateway  
  41  4:02  Probe (Chrono Boost)  
  42  4:05  Gateway  
  42  4:06  Probe (Chrono Boost)  
  43  4:17  Probe (Chrono Boost)  
  43  4:19  Probe (Chrono Boost), Adept  
  47  4:28  Probe (Chrono Boost)  
  47  4:29  Probe (Chrono Boost)  
  49  4:37  Immortal  
  53  4:38  Probe (Chrono Boost)  
  53  4:40  Probe (Chrono Boost)  
  53  4:44  Pylon  
  55  4:49  Probe (Chrono Boost)  
  55  5:02  Adept  
  55  5:03  Adept  
  57  5:10  Probe (Chrono Boost)  
  58  5:15  Assimilator  
  58  5:16  Probe (Chrono Boost)  
  59  5:21  Immortal  
  59  5:23  Pylon, Stalker x2  
  59  5:24  Stalker x2  
  59  5:26  Pylon  
  71  5:30  Twilight Council  
  71  5:36  Probe x2 (Chrono Boost)  
  70  5:50  Probe x2 (Chrono Boost)  
  71  6:00  Probe (Chrono Boost), Immortal  
  71  6:02  Stalker x2  
  71  6:03  Stalker x2  
  84  6:32  Probe x2 (Chrono Boost)  
  84  6:34  Assimilator  
  84  6:35  Stalker x2  
  84  6:36  Stalker x2  
  90  6:43  Probe (Chrono Boost)  
  91  6:49  Pylon  
  91  6:57  Nexus  
  91  7:00  Pylon  
  91  7:02  Pylon  
  91  7:04  Pylon  
  95  7:13  Adept  
  95  7:14  Zealot  
  95  7:15  Zealot  
Show
View Real Time Build Order
Export as new Build Order

Worming Zerg - Winner!

Build Orders: Hatch First 

Get SALT Encoding   

  12  0:01  Drone  
  13  0:08  Drone  
  14  0:19  Extractor  
  14  0:20  Drone  
  15  0:23  Overlord  
  15  0:28  Extractor  
  15  0:30  Drone, Extractor  
  16  0:41  Drone  
  17  0:53  Hatchery  
  17  0:56  Drone  
  17  1:00  Drone  
  18  1:12  Spawning Pool  
  18  1:16  Extractor  
  16  1:22  Drone  
  16  1:23  Drone  
  18  1:36  Drone  
  19  1:52  Overlord  
  19  1:53  Drone  
  20  2:04  Queen  
  20  2:05  Zergling x4  
  24  2:11  Queen  
  26  2:15  Drone x2  
  26  2:21  Drone  
  29  2:36  Drone x2  
  31  2:40  Metabolic Boost  
  31  2:43  Queen  
  33  3:03  Drone x4  
  33  3:05  Overlord x2  
  36  3:23  Drone x3  
  36  3:24  Drone x4  
  43  3:29  Roach Warren  
  42  3:39  Overlord  
  42  3:43  Drone  
  42  3:44  Drone x2  
  45  3:54  Extractor x2  
  43  3:59  Drone x2  
  43  4:00  Drone, Spine Crawler  
  43  4:01  Drone x2  
  47  4:03  Drone  
  47  4:04  Spine Crawler  
  47  4:05  Hatchery  
  46  4:13  Roach  
  46  4:14  Roach x2  
  52  4:21  Overlord  
  52  4:22  Overlord x2  
  52  4:39  Roach x4  
  52  4:41  Ravager  
  52  4:42  Ravager x2  
  63  4:50  Overlord x2  
  63  4:52  Roach x3  
  69  4:58  Drone x2  
  70  5:13  Drone  
  70  5:14  Drone x2  
  73  5:15  Extractor  
  73  5:21  Drone x5  
  77  5:27  Drone x2  
  79  5:31  Drone x2  
  79  5:32  Drone  
  79  5:33  Overlord  
  79  5:34  Spore Crawler  
  80  5:52  Overlord x2  
  80  5:53  Lair  
  80  5:56  Evolution Chamber  
  79  5:57  Evolution Chamber  
  79  6:00  Drone x8  
  79  6:03  Spore Crawler  
  85  6:07  Overlord x2  
  85  6:09  Roach x2  
  89  6:12  Zergling x2  
  88  6:35  Drone x5  
  88  6:36  Drone  
  93  6:45  Extractor  
  93  6:46  Extractor  
  91  6:50  Roach  
  91  6:51  Roach x9  
  110  7:01  Spire  
  109  7:12  Ravager x6  
  115  7:21  Overlord x2  
  115  7:24  Zergling x2  
  115  7:25  Zergling x20  
Tags
 
Add a new tag
Caveats
  • Supply blocks, unpowered buildings, or Contaminate may cause inaccurate times.
  • Supply counts are checked every 10 seconds.